 Dungeon Crawl Stone Soup version 0.26-a0-259-g1effd001a9 (webtiles) character file.

Game seed: 11473944122119830253

1453 drasked the Thrower (level 8, 0/74 HPs)
             Began as an Ogre Hunter on July 27, 2020.
             Was a Follower of Okawaru.
             Slain by a fire bat (4 damage)
             ... on level 6 of the Dungeon.
             The game lasted 00:23:48 (8959 turns).

drasked the Thrower (Ogre Hunter)                   Turns: 8959, Time: 00:23:49

Health: 0/74       AC:  5    Str: 19    XL:     8   Next: 75%
Magic:  8/8        EV: 10    Int: 12    God:    Okawaru [*.....]
Gold:   151        SH:  0    Dex:  9    Spells: 7/7 levels left

rFire    + . .     SeeInvis +   p - +0 giant spiked club
rCold    + . .     Faith    .   (shield currently unavailable)
rNeg     . . .     Spirit   .   b - +0 robe
rPois    +         Reflect  .   (helmet restricted)
rElec    +         Harm     .   k - +1 cloak
rCorr    +                      (gloves unavailable)
MR       .....                  (boots unavailable)
Stlth    +.........             (no amulet)
HPRegen  0.22/turn              C - ring of resist corrosion
MPRegen  0.11/turn              S - ring of see invisible {sInv, !d}

@: resistant, studying Poison Magic
A: large, unfitting armour, tough skin 1
a: Heroism, Renounce Religion


You were on level 6 of the Dungeon.
You worshipped Okawaru.
Okawaru was aware of your devotion.
You were not hungry.

You visited 2 branches of the dungeon, and saw 8 of its levels.

You collected 199 gold pieces.
You spent 48 gold pieces at shops.

Inventory:

Hand Weapons
 p - a +0 giant spiked club (weapon)
   (You took it off an ogre on level 4 of the Dungeon)
Missiles
 c - 5 large rocks {!d!d}
 d - 4 throwing nets {=f, !d=f}
 u - 9 poisoned darts (quivered)
 Q - 167 stones
Armour
 b - a +0 robe (worn)
 k - a +1 cloak (worn)
   (You found it on level 1 of the Dungeon)
Jewellery
 C - a ring of resist corrosion (left hand)
   (You found it on level 1 of the Dungeon)
 S - a ring of see invisible (right hand) {sInv, !d}
   (You found it on level 5 of the Dungeon)
Wands
 a - a wand of iceblast (8)
   (You found it on level 5 of the Dungeon)
 v - a wand of clouds (5)
   (You found it on level 5 of the Dungeon)
Scrolls
 f - a scroll of fog
 g - 5 scrolls of enchant weapon {unknown}
 i - a scroll of identify
 m - 2 scrolls of amnesia
 o - a scroll of noise {unknown}
 q - a scroll of magic mapping {!r!r}
 r - 2 scrolls of immolation {!r!r}
 s - 4 scrolls of enchant armour
 t - 7 scrolls of teleportation
 w - 4 scrolls of remove curse
Potions
 h - a potion of haste
 j - 2 potions of might
Books
 l - a manual of Poison Magic {!d!d}
   (You found it on level 6 of the Dungeon)
Comestibles
 e - 7 rations


   Skills:
 - Level 2.6 Fighting
 + Level 6.4 Maces & Flails
 + Level 8.7 Throwing
 - Level 1.7 Dodging
 - Level 0.6 Stealth


You had 7 spell levels left.
You didn't know any spells.
Your spell library was empty.

Dungeon Overview and Level Annotations

Branches:
Dungeon (7/15)             Temple (1/1) D:7

Altars:
Ashenzari
Cheibriados
Dithmenos
Elyvilon
Fedhas
Gozag
Hepliaklqana
Kikubaaqudgha
Makhleb
Nemelex Xobeh
Okawaru
Qazlal
Ru
Sif Muna
Trog
Vehumet
Wu Jian
Xom
Yredelemnul
Zin
The Shining One

Shops:
D:4 !*

Annotations:
D:3 1 runed translucent door, tilp's ghost, amateur DsVM
D:6 1 transporter, 1 runed translucent door, kal9871's ghost, novice TrFi


Innate Abilities, Weirdness & Mutations

You are too large for most types of armour.
You have tough skin. (AC +1)


Message History

You start resting.
An orc comes into view. It is wielding a +0 dagger.
An orc is nearby!
An orc is nearby!
An orc is nearby!
You don't know any spells.
You don't know any spells.
Okay, then.
Unknown command.
Saving game... please wait.
Level annotation: 1 transporter Welcome back, drasked the Ogre Hunter.
Okawaru says: Bring me glory in combat!
Quiver which item? (- for none, * to show all) (? for menu, Esc to quit)
Quivering
u - 10 poisoned darts for throwing.
Throwing (i - inventory. (/) - cycle)
u - 10 poisoned darts (quivered)
Aim: an orc, wielding a +0 dagger (asleep)
You throw a poisoned dart. The poisoned dart hits the orc!!
The orc is poisoned.
Throwing (i - inventory. (/) - cycle)
u - 9 poisoned darts (quivered)
Aim: an orc, wielding a +0 dagger (very poisoned)
You throw a poisoned dart. The poisoned dart hits the orc!
The orc looks as sick as possible!
You kill the orc!
You see here a +0 dagger.
u - 10 poisoned darts (gained 2)
l - a manual of Poison Magic {!d!d} You now have 148 gold pieces (gained 10).
Found a glowing shortbow.
Kal9871's ghost turns its malevolent gaze towards you.
The two-headed ogre shouts in stereo!
Kal9871's ghost shrieks, "They lied to you.
The Dungeon just goes down and down forever."
Kal9871's ghost wails.
You see here 13 arrows.
Found a stone staircase leading up.
You see here a +0 mace.
A white imp comes into view.
The white imp shouts!
A white imp is nearby!
Throwing (i - inventory. (/) - cycle)
u - 10 poisoned darts (quivered)
Aim: a white imp You throw a poisoned dart.
The poisoned dart hits the white imp!
You closely miss the white imp.
The white imp hits you but does no damage.
You bludgeon the white imp!!
You kill the white imp!
Found an escape hatch in the floor.
u - 10 poisoned darts (gained 1)
You now have 151 gold pieces (gained 3).
Partly explored, unvisited transporter and can't reach some items and places.
Partly explored, unvisited transporter and can't reach some items and places.
Partly explored, unvisited transporter and can't reach some items and places.
Partly explored, unvisited transporter and can't reach some items and places.
You see here a scroll of random uselessness.
There is a transporter here.
There is a transporter here.
You see here a scroll of random uselessness.
You see here a scroll of random uselessness.
Partly explored, unvisited transporter and can't reach some items and places.
Partly explored, unvisited transporter and can't reach some items and places.
There is a transporter here.
You enter the transporter and appear at another place.
n - a potion of resistance;
q - a scroll of magic mapping {!r!r} You open the gate.
You barely miss the fire bat. The fire bat closely misses you.
You miss the fire bat. The fire bat bites you.
You are engulfed in flames.
You completely miss the fire bat.
The fire bat bites you but does no damage.
The fire bat bites you but does no damage.
You miss the fire bat. The fire bat bites you.
You are engulfed in flames!
You closely miss the fire bat.
The fire bat bites you but does no damage.
The fire bat bites you.
You are engulfed in flames!
* * * LOW HITPOINT WARNING * * *
The fire bat completely misses you. The fire bat closely misses you.
You barely miss the fire bat. The fire bat bites you.
* * * LOW HITPOINT WARNING * * *
You are engulfed in flames!
* * * LOW HITPOINT WARNING * * *
The fire bat bites you.
* * * LOW HITPOINT WARNING * * *
You are engulfed in flames!
* * * LOW HITPOINT WARNING * * *
Okay, then.
The fire bat bites you.
* * * LOW HITPOINT WARNING * * *
You are engulfed in flames!
* * * LOW HITPOINT WARNING * * *
You feel protected. The fire bat completely misses you.
Quiver which item? (- for none, * to show all) (? for menu, Esc to quit)
Okay, then.
Throwing (i - inventory. (/) - cycle)
u - 10 poisoned darts (quivered)
Aim: a fire bat (flame)
You throw a poisoned dart.
The poisoned dart barely misses the fire bat.
The fire bat bites you.
* * * LOW HITPOINT WARNING * * *
You are engulfed in flames.
You resist.
You die...

#○.°[©?○.°#.>#
#☼○°$($○☼○#..###
#○.○...☼○.#....## #
#######○☼☼○☼○.☼○#.##..### #
#.....#..°○○.○.○#.###...####
#....<####°°○####.# ###.#...
#....÷.#°☼...○.#..# #.....
#......#○°#b#☼°#..# #...(.
#......#☼○.@..☼#..#####..(.^
#......#°○#©#○°#............
#......#○°○°○○○#............
#......#.☼°○○☼○#............
#......#########...##.......
#......##..©................
#####.###...................
#.####..........##......
#.##..................##


You could see a fire bat.

Levels and vault maps discovered:
D:1:      elethiomel_arrival_shortcut, layout_basic, serial_glass,
          glass_columns_b, glass_columns_a, glass_columns_a, item_on_display_a,
          item_on_display_a, feat_on_display, skrybe_limestone_x
D:2:      layout_loops_ring, lemuel_altar_in_water
D:3:      layout_basic, lemuel_round_altar, first_ration,
          hellmonk_ghost_happy_afterlife
D:4:      layout_basic, serial_shops, nicolae_shop_crystal, shop
D:5:      layout_basic, gammafunk_temple_overflow_elements
D:6:      gammafunk_cloud_chamber, layout_rooms, ebering_ghost_inner_flame,
          chequers_jeans, minmay_manual_moon
D:7:      layout_basic, temple_doors_cd, enter_bailey_2, basic_altar
Temple:   eino_narrow_crystal_temple

Notes
Turn   | Place    | Note
-------+----------+-------------------------------------------
     0 | D:1      | drasked the Ogre Hunter began the quest for the Orb.
     0 | D:1      | Reached XP level 1. HP: 22/22 MP: 1/1
   214 | D:1      | Identified a +0 dagger
   219 | D:1      | Identified a +0 dagger
   222 | D:1      | Reached XP level 2. HP: 29/29 MP: 2/2
   365 | D:1      | Identified a +0 club
   447 | D:1      | Identified a +0 club
   466 | D:1      | Identified a +0 club
   703 | D:1      | Reached XP level 3. HP: 34/36 MP: 3/3
   754 | D:2      | Identified a +0 short sword
   813 | D:2      | Found a glowing golden altar of the Shining One.
  1075 | D:2      | HP: 7/36 [worm (5)]
  1503 | D:2      | Identified a +0 dagger
  1503 | D:2      | Identified a +0 hunting sling
  1687 | D:2      | Identified a +0 cloak (You found it on level 1 of the
                  | Dungeon)
  1687 | D:2      | Identified a ring of resist corrosion (You found it on
                  | level 1 of the Dungeon)
  1688 | D:2      | Identified 3 scrolls of magic mapping
  1754 | D:3      | Reached skill level 1 in Maces & Flails
  1754 | D:3      | Reached skill level 5 in Throwing
  1798 | D:3      | Noticed a scorpion
  1811 | D:3      | Killed a scorpion
  1811 | D:3      | Reached XP level 4. HP: 17/44 MP: 4/4
  1817 | D:3      | HP: 11/44 [poisoned by a scorpion]
  1823 | D:3      | HP: 9/44 [poisoned by a scorpion]
  1829 | D:3      | HP: 8/44 [poisoned by a scorpion]
  1837 | D:3      | HP: 7/44 [poisoned by a scorpion]
  2203 | D:3      | Identified a +0 hand axe
  2247 | D:3      | Identified a +0 dagger
  2303 | D:3      | Reached skill level 2 in Maces & Flails
  2352 | D:3      | Identified a +0 club
  2568 | D:3      | Identified a +0 hand axe
  2570 | D:3      | Identified a +0 hand axe
  2575 | D:3      | Identified a +0 club
  2575 | D:3      | Identified a +0 leather armour
  2604 | D:3      | Reached XP level 5. HP: 47/50 MP: 5/5
  2665 | D:3      | Noticed tilp's ghost (amateur DsVM)
  2667 | D:3      | Found a runed translucent door.
  2684 | D:3      | Identified a +0 dagger
  2686 | D:3      | Identified a +0 club
  2769 | D:3      | Identified a +0 club
  3026 | D:3      | Identified a +0 short sword
  3116 | D:3      | Identified a cursed -1 short sword
  3138 | D:3      | Found a radiant altar of Vehumet.
  3139 | D:3      | Identified a +0 short sword
  3394 | D:3      | Identified 4 scrolls of teleportation
  3395 | D:3      | Identified 4 scrolls of enchant armour
  3397 | D:3      | Identified 3 scrolls of remove curse
  3398 | D:3      | Identified 3 scrolls of identify
  3398 | D:3      | Identified a potion of heal wounds
  3399 | D:3      | Identified 2 scrolls of immolation
  3400 | D:3      | Identified 2 scrolls of amnesia
  3401 | D:3      | Identified 2 scrolls of fog
  3407 | D:3      | Identified a potion of curing
  3408 | D:3      | Identified a potion of haste
  3482 | D:2      | Identified a +0 whip (You found it on level 2 of the
                  | Dungeon)
  3566 | D:4      | Identified a +0 war axe
  3566 | D:4      | Identified a +0 leather armour
  3566 | D:4      | Identified a cursed -2 dagger
  3566 | D:4      | Identified a +0 robe
  3566 | D:4      | Identified a +0 hand axe
  3566 | D:4      | Identified a +0 trident
  3566 | D:4      | Identified a cursed +0 leather armour
  3746 | D:4      | Identified a +0 giant spiked club
  3746 | D:4      | Noticed an ogre
  3760 | D:4      | Killed an ogre
  3760 | D:4      | Reached skill level 3 in Maces & Flails
  3760 | D:4      | Reached skill level 6 in Throwing
  3760 | D:4      | Reached XP level 6. HP: 52/59 MP: 6/6
  3804 | D:4      | Found Erumoroy's General Store.
  3853 | D:4      | Identified a +0 hand axe
  3854 | D:4      | Identified a +0 dagger
  3854 | D:4      | Identified a +0 robe
  3883 | D:4      | Identified a +0 dagger
  3883 | D:4      | Identified a +0 robe
  4045 | D:4      | Identified a +0 club
  4045 | D:4      | Identified a +0 leather armour
  4045 | D:4      | Identified a +0 dagger
  4045 | D:4      | Identified a +0 robe
  4052 | D:4      | Identified a +0 short sword
  4058 | D:4      | Identified a +0 dagger
  4058 | D:4      | Identified a +0 robe
  4372 | D:4      | Identified a +0 whip
  4416 | D:4      | Reached skill level 4 in Maces & Flails
  4416 | D:4      | Reached XP level 7. HP: 60/66 MP: 7/7
  4522 | D:4      | HP: 16/66 [water moccasin (5)]
  4528 | D:4      | HP: 11/66 [hound skeleton (1)]
  4530 | D:4      | Reached skill level 7 in Throwing
  4832 | D:4      | Identified a +0 battleaxe
  4832 | D:4      | Identified a +0 plate armour
  4832 | D:4      | Identified a +0 hand axe
  4832 | D:4      | Identified a +0 hand axe
  4999 | D:4      | Found Guxafin's Distillery.
  5003 | D:4      | Bought a potion of might for 48 gold pieces
  5003 | D:4      | Identified a +0 short sword
  5003 | D:4      | Identified a +0 leather armour
  5116 | D:5      | Entered Level 5 of the Dungeon
  5337 | D:5      | Reached skill level 5 in Maces & Flails
  5605 | D:5      | Found a sacrificial altar of Ru.
  5605 | D:5      | Found a blossoming altar of Fedhas.
  5646 | D:5      | Identified a +0 whip
  5646 | D:5      | Identified a +0 ring mail
  5900 | D:5      | Reached XP level 8. HP: 74/74 MP: 8/8
  6211 | D:5      | Identified a ring of see invisible (You found it on level 5
                  | of the Dungeon)
  6212 | D:5      | Identified a potion of mutation
  6213 | D:5      | Identified a scroll of random uselessness
  6275 | D:6      | Found a transporter.
  6302 | D:6      | Identified a +0 flail
  6302 | D:6      | Identified a +0 chain mail
  6302 | D:6      | Identified a +2 dagger of speed
  6302 | D:6      | Identified a +0 robe
  6304 | D:6      | Identified a +0 dagger
  6304 | D:6      | Identified a +0 robe
  6305 | D:6      | Identified a +1 vorpal hand axe
  6307 | D:6      | Identified a +0 club
  6307 | D:6      | Identified a +0 ring mail
  6309 | D:6      | Identified a +0 shortbow
  6316 | D:7      | Identified a +0 halberd
  6316 | D:7      | Identified a +0 chain mail
  6316 | D:7      | Identified a +0 dagger
  6316 | D:7      | Identified a +0 robe
  6316 | D:7      | Identified a +0 mace
  6316 | D:7      | Identified a +0 mace
  6316 | D:7      | Identified a +0 scale mail
  6316 | D:7      | Identified a +0 dagger
  6316 | D:7      | Identified a +0 robe
  6337 | D:6      | Identified a +0 mace
  6337 | D:6      | Identified a +0 ring mail
  6419 | D:7      | Found an opulent altar of Gozag.
  6440 | D:7      | Identified a +0 mace
  6440 | D:7      | Noticed a gargoyle
  6444 | D:7      | Found a staircase to the Ecumenical Temple.
  6449 | Temple   | Entered the Ecumenical Temple
  6672 | Temple   | Became a worshipper of Warmaster Okawaru
  6899 | D:6      | Identified a +0 dagger
  6899 | D:6      | Identified a +0 robe
  6899 | D:6      | HP: 18/74 [centaur/arrow (3)]
  6911 | D:6      | HP: 17/74 [centaur (6)]
  6913 | D:6      | HP: 6/74 [orc wizard/magic dart (3)]
  6914 | D:6      | HP: 2/74 [centaur (4)]
  7305 | D:6      | Reached skill level 8 in Throwing
  7305 | D:6      | Identified a +0 flail
  7556 | D:6      | Reached skill level 6 in Maces & Flails
  7575 | D:6      | Identified a cursed -2 mace
  7575 | D:6      | Identified a +0 leather armour
  7579 | D:6      | Identified a +0 trident
  7584 | D:6      | Identified a +0 hand axe
  7593 | D:6      | Identified a +0 flail
  7593 | D:6      | Identified a +0 leather armour
  7594 | D:6      | Identified a +0 flail
  7599 | D:6      | HP: 18/74 [orc priest/nerve-wracking pain (9)]
  7601 | D:6      | Identified a +0 dagger
  7601 | D:6      | Identified a +0 robe
  8303 | D:6      | Reached * piety under Okawaru
  8315 | D:6      | HP: 18/74 [poisoned by a water moccasin]
  8320 | D:6      | HP: 14/74 [poisoned by a water moccasin]
  8325 | D:6      | HP: 13/74 [poisoned by a water moccasin]
  8331 | D:6      | HP: 11/74 [poisoned by a water moccasin]
  8339 | D:6      | HP: 11/74 [poisoned by a water moccasin]
  8347 | D:6      | HP: 10/74 [poisoned by a water moccasin]
  8635 | D:6      | Identified a +0 dagger
  8665 | D:6      | Found a runed translucent door.
  8669 | D:6      | Noticed kal9871's ghost (novice TrFi)
  8669 | D:6      | Identified a +0 giant spiked club
  8669 | D:6      | Identified a +0 giant club
  8669 | D:6      | Noticed a two-headed ogre
  8850 | D:6      | Found a transporter.
  8957 | D:6      | HP: 16/74 [fire bat (4)]
  8957 | D:6      | HP: 7/74 [fire bat (9)]
  8959 | D:6      | Slain by a fire bat

Table legend:
 A = Turns spent in this place as a percentage of turns spent in the entire game.
 B = Non-inter-level travel turns spent in this place as a percentage of non-inter-level travel turns spent in the entire game.
 C = Inter-level travel turns spent in this place as a percentage of turns spent in this place.
 D = Turns resting spent in this place as a percentage of non-inter-level travel turns spent in this place.
 E = Turns spent auto-exploring this place as a percentage of non-inter-level travel turns spent in this place.
 F = Non-inter-level travel turns spent in this place divided by the number of levels of this place that you've seen.
                   A       B       C       D       E      F
               +-------+-------+-------+-------+-------+----------------------
         Total | 100.0 | 100.0 |   3.9 |  45.4 |  36.4 | 1076.2
       Dungeon |  95.2 |  95.4 |   3.6 |  45.8 |  35.3 | 1174.0
        Temple |   4.8 |   4.6 |   8.8 |  36.2 |  59.2 | 392.0
               +-------+-------+-------+-------+-------+----------------------

Table legend:
 A = Kills in this place as a percentage of kills in entire the game.
 B = Kills by you in this place as a percentage of kills by you in the entire game.
 C = Kills by friends in this place as a percentage of kills by friends in the entire game.
 D = Other kills in this place as a percentage of other kills in the entire game.
 E = Experience gained in this place as a percentage of experience gained in the entire game.
 F = Experience gained in this place divided by the number of levels of this place that you have seen.
                   A       B       C       D       E      F
               +-------+-------+-------+-------+-------+----------------------
         Total | 100.0 | 100.0 |   N/A |   N/A | 100.0 | 259.5
       Dungeon |  99.2 |  99.2 |   N/A |   N/A |  99.3 | 294.6
        Temple |   0.8 |   0.8 |   N/A |   N/A |   0.7 |  14.0
               +-------+-------+-------+-------+-------+----------------------

Skill      XL: |  1  2  3  4  5  6  7  8 |
---------------+-------------------------+-----
Maces & Flails | 1 2 3 4 5 6 |  6.4
Throwing       | 5 6 7 8 |  8.7
Fighting       | |  2.6
Dodging        | |  1.7
Stealth        | |  0.6

Action                   |  1- 3 |  4- 6 |  7- 9 || total
-------------------------+-------+-------+-------++-------
Melee: Short sword       |    33 |       |       ||    33
       Club              |    41 |    64 |       ||   105
       Whip              |       |     8 |       ||     8
       Giant spiked club |       |    41 |   161 ||   202
Throw: Stone             |    97 |    58 |     9 ||   164
       Large rock        |     3 |     7 |    10 ||    20
       Dart              |       |    78 |   103 ||   181
       Throwing net      |       |       |     1 ||     1
  Use: Scroll            |     1 |     9 |     3 ||    13
       Potion            |       |       |     5 ||     5
  Eat: Ration            |     1 |     2 |     4 ||     7
Armor: Robe              |    29 |    32 |    94 ||   155
Dodge: Dodged            |    36 |    77 |   137 ||   250

Vanquished Creatures
  2 water moccasins
  A sky beast (D:6)
  2 orc warriors
  An ogre (D:4)
  A centaur (D:6)
  A scorpion (D:3)
  A hound (D:3)
  2 jellies (D:5)
  2 orc priests
  9 orc wizards
  A centaur skeleton (D:6)
  3 worker ants
  A hound skeleton (D:4)
  A howler monkey zombie (D:5)
  8 adders
  3 shadow imps
  2 white imps
  An adder zombie (D:6)
  An adder skeleton (D:6)
  3 worms
  5 leopard geckos
  23 orcs
  A ball python (D:1)
  6 bats
  6 goblins
  2 hobgoblins (D:1)
  6 jackals
  13 kobolds
  A quokka (D:3)
  4 frilled lizards
  A jackal skeleton (D:5)
  A quokka zombie (D:5)
  8 rats
123 creatures vanquished.
